[Event "Saint Louis Rapid 2020"]
[Site "Saint Louis"]
[Date "2020.09.17"]
[Round "7"]
[White "Harikrishna, Pentala"]
[Black "Xiong, Jeffery"]
[Result "1-0"]
[ECO "B06"]
[WhiteElo "2732"]
[BlackElo "2709"]
[Annotator "ChessBase"]
[PlyCount "131"]
[EventDate "2020.09.15"]
[EventType "rapid"]
[EventCountry "USA"]
[TimeControl "1500+5"]

1. e4 g6 2. d4 Bg7 3. Be3 d6 4. Nc3 a6 5. Qd2 b5 6. h4 h5 7. O-O-O Bb7 8. f3 Nd7 9. Nh3 Ngf6 10. Ng5 e6 11. Kb1 Qe7 12. Qf2 Nb6 13. Bd3 Nfd7 14. Qg3 b4 15. Ne2 c5 16. e5 dxe5 17. dxc5 Nd5 18. Bf2 O-O 19. Ne4 Bc6 20. Qg5 Rfd8 21. Qxe7 Nxe7 22. Nd6 Bf8 23. Ng3 Nc8 24. Be4 Nb8 25. Nc4 Bd5 26. Nxe5 Ne7 27. Nc4 Nd7 28. Nd6 f5 29. Bxd5 Nxd5 30. Nb7 Rdc8 31. Rhe1 Nxc5 32. Nxc5 Bxc5 33. Bxc5 Rxc5 34. Rxe6 Nf4 35. Red6 Kg7 36. b3 Re8 37. Rxa6 Nxg2 38. Nxh5+ Kh6 39. Rg1 Re1+ 40. Rxe1 Nxe1 41. Nf4 Nxc2 42. Rxg6+ Kh7 43. Rg2 Nd4 44. Nd3 Rc3 45. Nxb4 Rxf3 46. Nd5 f4 47. h5 Kh6 48. Rg4 Ne2 49. Nf6 Rg3 50. Kc2 Rxg4 51. Nxg4+ Kxh5 52. Ne5 Kg5 53. Kd2 Nd4 54. Kd3 Ne6 55. b4 Kf5 56. Nf3 Kg4 57. Ke4 Kg3 58. a4 Nc7 59. Nd4 Na6 60. Ne2+ Kg4 61. Nxf4 Nxb4 62. Nd3 Na6 63. a5 Kg5 64. Ke5 Kg6 65. Kd6 Kf6 66. Kc6 1-0

[Event "Saint Louis Rapid 2020"]
[Site "Saint Louis"]
[Date "2020.09.17"]
[Round "8"]
[White "Nakamura, Hikaru"]
[Black "Harikrishna, Pentala"]
[Result "1/2-1/2"]
[ECO "B12"]
[WhiteElo "2736"]
[BlackElo "2732"]
[Annotator "ChessBase"]
[PlyCount "111"]
[EventDate "2020.09.15"]
[EventType "rapid"]
[EventCountry "USA"]
[TimeControl "1500+5"]

1. e4 c6 2. d4 d5 3. e5 Bf5 4. h4 h5 5. Bd3 Bxd3 6. Qxd3 Qa5+ 7. Nd2 e6 8. Ne2 Qa6 9. c4 Nh6 10. Ng3 c5 11. dxc5 Nc6 12. b3 Ng4 13. Bb2 Bxc5 14. O-O Ncxe5 15. Qe2 Ng6 16. cxd5 Qxe2 17. Nxe2 exd5 18. Bxg7 Rg8 19. Bd4 Bxd4 20. Nxd4 Nxh4 21. Rac1 Kd7 22. Rfd1 Nf6 23. g3 Ng6 24. Rc3 Ne5 25. N4f3 Neg4 26. Rdc1 Rac8 27. Rxc8 Rxc8 28. Rxc8 Kxc8 29. Ng5 Nh6 30. Kg2 Kd7 31. Kf3 Nfg4 32. Ke2 Kd6 33. Ndf3 Ne5 34. Nh4 Kc5 35. a3 a5 36. Nh3 Kd4 37. Kd2 a4 38. bxa4 Nc4+ 39. Kc2 Nxa3+ 40. Kb3 Nc4 41. Nf4 Ng4 42. Nf3+ Kc5 43. Nd3+ Kd6 44. Ng5 f6 45. Nh3 f5 46. Nhf4 Nce5 47. Kc3 Nxd3 48. Nxd3 Ne5 49. Nf4 Ng4 50. Nd3 Nf6 51. a5 Ne4+ 52. Kb4 Kc6 53. Ne5+ Kd6 54. Nd3 Kc6 55. Ne5+ Kd6 56. Nd3 1/2-1/2

[Event "Saint Louis Rapid 2020"]
[Site "Saint Louis"]
[Date "2020.09.17"]
[Round "9"]
[White "Xiong, Jeffery"]
[Black "Nakamura, Hikaru"]
[Result "1/2-1/2"]
[ECO "E32"]
[WhiteElo "2709"]
[BlackElo "2736"]
[Annotator "ChessBase"]
[PlyCount "59"]
[EventDate "2020.09.15"]
[EventType "rapid"]
[EventCountry "USA"]
[TimeControl "1500+5"]

1. d4 Nf6 2. c4 e6 3. Nc3 Bb4 4. Qc2 O-O 5. Nf3 d5 6. Bg5 h6 7. Bxf6 Qxf6 8. a3 Bxc3+ 9. Qxc3 dxc4 10. Qxc4 Nc6 11. Qc3 Re8 12. Rd1 e5 13. d5 Nb8 14. e3 Bg4 15. Be2 Nd7 16. e4 Qd6 17. O-O Nf6 18. Qc4 Bxf3 19. Bxf3 Rec8 20. Qc3 Rab8 21. Rd2 Rd8 22. Rfd1 Rbc8 23. h3 Qe7 24. Qa5 a6 25. Qc3 c6 26. d6 Qe6 27. d7 Rc7 28. Qa5 Rdxd7 29. Rxd7 Rxd7 30. Rxd7 1/2-1/2